 Dungeon Crawl Stone Soup version 0.30-a0-29-g142975f185 (webtiles) character file.

Game seed: 17813777334136890704

52 ytrimaz the Trooper (level 3, 0/29 HPs)
             Began as a Demonspawn Fighter on Aug 26, 2022.
             Slain by Robin
             ... wielding a +2 spear of freezing
              (1 damage)
             ... on level 2 of the Dungeon.
             The game lasted 00:00:51 (1196 turns).

ytrimaz the Trooper (Demonspawn Fighter)            Turns: 1196, Time: 00:00:52

Health: 0/29       AC:  6    Str: 18    XL:     3   Next: 60%
Magic:  3/3        EV:  9    Int:  9    God:
Gold:   65         SH:  8    Dex: 12    Spells: 2/2 levels left

rFire   . . .      SeeInvis .    a - +0 war axe
rCold   . . .      Faith    .    c - +0 buckler
rNeg    . . .      Spirit   .    b - +0 scale mail
rPois   .          Reflect  .    (no helmet)
rElec   .          Harm     .    (no cloak)
rCorr   .          Rampage  .    (no gloves)
Will    .....                    (no boots)
Stlth   ..........               g - amulet of magic regeneration
HPRegen 0.09/turn                (no ring)
MPRegen 0.48/turn                (no ring)

@: mighty
A: large bone plates 1, powered by pain 1
a: no special abilities


You were on level 2 of the Dungeon.
You visited 1 branch of the dungeon, and saw 2 of its levels.

You collected 65 gold pieces.

Inventory:

Hand Weapons
 a - a +0 war axe (weapon)
Armour
 b - a +0 scale mail (worn)
 c - a +0 buckler (worn)
Jewellery
 g - an amulet of magic regeneration (around neck)
Scrolls
 e - a scroll of enchant weapon
 f - 3 scrolls of identify


   Skills:
 - Level 3.4 Fighting
 + Level 2.9 Axes
 - Level 3.1 Armour
 - Level 2.6 Shields


You had 2 spell levels left.
You didn't know any spells.
Your spell library contained the following spells:

 Spells                   Type           Power      Damage    Failure   Level
 Gell's Gravitas          Tloc           0%         N/A       99%         3
 Lesser Beckoning         Tloc           0%         N/A       99%         3
 Teleport Other           Tloc           0%         N/A       99%         3


Dungeon Overview and Level Annotations

Branches:
Dungeon (2/15)

Altars:

Shops:
D:2 (*

Annotations:
D:2 Robin


Innate Abilities, Weirdness & Mutations

You are partially covered in large bone plates. (SH +4)
You sometimes gain a little power by taking damage.


Message History

You barely miss the hobgoblin. You slash the goblin!
You kill the goblin!
You barely miss the goblin. You hit the goblin.
Robin roars a battlecry!
The goblins go into a battle-frenzy!
The goblin hits you with a +0 club. x2; The hobgoblin barely misses you.
You slash the goblin!
You kill the goblin!
You barely miss the goblin. You closely miss the hobgoblin.
You closely miss the goblin. Robin throws the goblin at you!
The hobgoblin hits you but does no damage.
The goblin hits you with a +0 club.
The goblin hits you but does no damage. x2
You block the goblin's attack. The hobgoblin closely misses you.
The goblin completely misses you. The goblin hits you but does no damage.
You block the hobgoblin's attack.
You slash the hobgoblin!
You kill the hobgoblin!
You slash the goblin!
You kill the goblin!
You closely miss the goblin. You hit the goblin. You hit the hobgoblin.
You kill the hobgoblin!
You closely miss the goblin.
The goblin shoots a sling bullet.
The sling bullet hits you but does no damage.
Robin throws the goblin at you! You block the goblin's attack.
The goblin barely misses you. The goblin hits you with a +0 club.
The goblin unwields a +0 sling.
The goblin wields a +0 club.
The goblin hits you with a +0 club.
Robin hits you from afar with a +2 spear of freezing.
* * * LOW HITPOINT WARNING * * *
Robin freezes you.
* * * LOW HITPOINT WARNING * * *
You block the goblin's attack.
Things that are here:
a +0 dagger; a hobgoblin corpse Unknown command.
You feel very mighty all of a sudden.
Robin hits you from afar with a +2 spear of freezing.
* * * LOW HITPOINT WARNING * * *
Robin freezes you.
You die...

...........∩###
#.#.#.......
...........#
#.#.#.#.#.##
..........#
#...#.#.#.#.
......^.†.#
#####.#.#.#.
..........#
#.#.#.##
#####.#.#########
#.#.#..
#.....g......#
#.#.###
#....ggg.....#
#.#.#
#....)@<.....#
#.#
#............#
#.....g......#
#............#
#............#
#............#
#............#
##.#..........


You could see Robin and 4 goblins.

Vanquished Creatures
  An adder (D:2)
  3 ball pythons (D:1)
  2 bats (D:1)
  An endoplasm (D:1)
  2 giant cockroaches (D:1)
  5 goblins (D:2)
  6 hobgoblins
  4 jackals (D:1)
  2 kobolds (D:1)
  3 quokkas (D:1)
  2 frilled lizards
  4 rats (D:1)
35 creatures vanquished.

Notes
Turn   | Place    | Note
-------+----------+-------------------------------------------
     0 | D:1      | ytrimaz the Demonspawn Fighter began the quest for the Orb.
     0 | D:1      | Reached XP level 1. HP: 18/18 MP: 1/1
    57 | D:1      | Gained mutation: You are partially covered in large bone
                  | plates. (SH +4) [demonic ancestry]
    57 | D:1      | Reached XP level 2. HP: 20/24 MP: 2/2
   492 | D:1      | Gained mutation: You sometimes gain a little power by
                  | taking damage. [demonic ancestry]
   492 | D:1      | Reached XP level 3. HP: 20/29 MP: 3/3
   958 | D:2      | Found Hirerch's Assorted Antiques.
  1010 | D:2      | Found Davve's Antique Weapon Emporium.
  1190 | D:2      | Noticed Robin
  1196 | D:2      | HP: 1/29 [Robin/+2 spear of freezing (2)]
  1196 | D:2      | Slain by Robin

Illustrated notes

Levels and vault maps discovered:
D:1:      lightli_iron_boxes, layout_basic, bh_walls_and_bars
D:2:      layout_basic, serial_shops, shop, shop,
          ebering_ecumenical_altar_sacrificial, st_stairs_5,
          due_unseen_surprise, uniq_robin

Skill      XL: |  1  2 |
---------------+-------+-----
Axes           | 2 |  2.9
Armour         | 3 |  3.1
Fighting       | |  3.4
Shields        | |  2.6

Action                   || total
-------------------------++-------
Melee: War axe           ||    70
  Use: Scroll            ||     1
       Potion            ||     1
Armor: Scale mail        ||    50
Dodge: Dodged            ||    36
Block: Buckler           ||    45

Table legend: (Time is in decaauts)
 A = Elapsed time spent in this place.
 B = Non-inter-level travel time spent in this place.
 C = Inter-level travel time spent in this place.
 D = Time resting spent in this place.
 E = Time spent auto-exploring this place.
 F = Levels seen in this place.
 G = Mean time per level.
                   A        B        C        D        E       F      G
               +--------+--------+--------+--------+--------+-----+--------+
         Total |   1225 |   1201 |     24 |      0 |   1011 |   2 |  612.5 |
       Dungeon |   1225 |   1201 |     24 |      0 |   1011 |   2 |  612.5 |
               +--------+--------+--------+--------+--------+-----+--------+

Top non-repeatable levels by time:
     D:1: 976 daAuts
     D:2: 249 daAuts
